 Dungeon Crawl Stone Soup version 0.31-a0-177-g4aa6249778 (webtiles) character file.

Game seed: 568393836973871431

107 SigmundSlayer the Covered (level 4, -4/38 HPs)
             Began as a Demigod Fighter on June 18, 2023.
             Slain by a gnoll bouda
             ... wielding a +0 whip
              (8 damage)
             ... on level 3 of the Dungeon.
             The game lasted 00:01:54 (2075 turns).

SigmundSlayer the Covered (Demigod Fighter)         Turns: 2075, Time: 00:01:55

Health: -4/38      AC:  7    Str: 21    XL:     4   Next: 32%
Magic:  6/6        EV:  9    Int: 10    God:
Gold:   110        SH:  5    Dex: 13    Spells: 3/3 levels left

rFire   + . .        l - +0 morningstar
rCold   + . .        c - +0 buckler
rNeg    . . .        b - +1 scale mail
rPois   +            (no helmet)
rElec   +            (no cloak)
rCorr   +            (no gloves)
SInv    .            (no boots)
Will    .....        (no amulet) Stlth
                     (no ring)
HPRegen 0.26/turn    (no ring)
MPRegen 0.10/turn

%: no passive effects
@: brilliant, resistant, attractive
A: high MP 1, forlorn, divine attributes
a: no special abilities


You were on level 3 of the Dungeon.
You visited 1 branch of the dungeon, and saw 3 of its levels.

You collected 110 gold pieces.

Inventory:

Hand Weapons
 l - a +0 morningstar (weapon)
Armour
 b - a +1 scale mail (worn)
 c - a +0 buckler (worn)
Jewellery
 e - an amulet of the acrobat
Scrolls
 i - 3 scrolls of identify {unknown}
 j - a scroll of teleportation {unknown}


   Skills:
 + Level 3.3 Fighting
 + Level 2.6 Maces & Flails
 + Level 3.4 Armour
 + Level 3.4 Shields


You had 3 spell levels left.
You didn't know any spells.
Your spell library was empty.

Dungeon Overview and Level Annotations

Branches:
Dungeon (3/15)

Shops:
D:1 *


Innate Abilities, Weirdness & Mutations

You have an increased reservoir of magic. (+10% MP)
You shall have no god before yourself.
Your divine heritage dramatically boosts your attributes as you level up.


Message History

The gnoll bouda is healed somewhat.
The hobgoblin is attracted toward you. The kobold is attracted toward you.
It was a potion of brilliance.
You feel clever all of a sudden.
The gnoll is no longer moving quickly.
The gnoll barely misses you. The gnoll bouda closely misses you.
The hobgoblin barely misses you.
It was a potion of resistance.
You feel protected. You block the gnoll's attack.
The gnoll bouda gazes fiercely through you!
You feel your attacks grow feeble. The gnoll bouda closely misses you.
The hobgoblin misses you.
You hit the gnoll bouda.
The gnoll bouda is moderately wounded.
The gnoll hits you from afar with a +0 spear.
The gnoll bouda barks out a call to the hunt!
The gnolls pick up the pace!
The hobgoblin hits you.
* * * LOW HITPOINT WARNING * * *
It was a potion of curing.
You feel better.
The gnoll hits you from afar with a +0 spear.
* * * LOW HITPOINT WARNING * * *
The gnoll bouda hits you but does no damage.
The hobgoblin hits you but does no damage.
As you read the scroll labelled GAGHONKIXY, it crumbles to dust.
It is a scroll of amnesia.
You feel forgetful for a moment.
Your attacks no longer feel as feeble.
The gnoll is no longer moving quickly.
The gnoll hits you from afar with a +0 spear.
* * * LOW HITPOINT WARNING * * *
The gnoll bouda hits you with a +0 whip.
* * * LOW HITPOINT WARNING * * *
You block the hobgoblin's attack.
As you read the scroll labelled OGHARO IQULOCS, it crumbles to dust.
It is a scroll of enchant armour.
Your +0 scale mail glows green for a moment.
The gnoll hits you but does no damage.
The gnoll bouda hits you with a +0 whip!
You die...

....##.....# ##.###
....######<##########....#
....#
#......)..##.##.###≈≈
....#
########............≈
....# #...<..........
....# ####.####.........
....# #######....
........... ....#
#......g####............
....#
#......ggg@g.###........
....#
#......g####............
...####......### #
##.......^.
.....##........# .#####...
.......†...PP.♣P...
_.#...#..g..♣♣.P..♣
§.#§#......P♣♣♣PP ♣
§.§.##......g♣ ..#
#######..###g.P..#


You could see a gnoll bouda, 3 gnolls and 2 hobgoblins.

Vanquished Creatures
  4 adders
  4 worms (D:2)
  2 dart slugs
  An orc (D:3)
  3 bats
  3 endoplasms (D:1)
  2 giant cockroaches
  4 goblins
  2 hobgoblins (D:1)
  10 jackals
  A quokka (D:2)
  2 ball pythons (D:1)
  4 frilled lizards
  6 kobolds
  8 rats
56 creatures vanquished.

Notes
Turn   | Place    | Note
-------+----------+-------------------------------------------
     0 | D:1      | SigmundSlayer the Demigod Fighter began the quest for the
                  | Orb.
     0 | D:1      | Reached XP level 1. HP: 18/18 MP: 3/3
   270 | D:1      | Reached XP level 2. HP: 25/25 MP: 4/4
   665 | D:1      | Found Motwa's Assorted Antiques.
  1199 | D:2      | Reached XP level 3. HP: 15/31 MP: 5/5
  1927 | D:3      | Reached XP level 4. HP: 35/38 MP: 6/6
  2075 | D:3      | Slain by a gnoll bouda

Illustrated notes

Levels and vault maps discovered:
D:1:      dpeg_cavernosity, layout_basic, serial_shops,
          nicolae_shop_overgrown_old_shop
D:2:      minmay_general_purpose_star, layout_rooms
D:3:      layout_rooms, serial_shops, nicolae_shop_waterfront, serial_forest,
          infiniplex_forest_straight_2, infiniplex_forest_lined_room_3,
          infiniplex_forest_clump_small, infiniplex_forest_clump_small,
          infiniplex_forest_corner_1, gammafunk_ghost_grave,
          ebering_ecumenical_altar_mist, bh_walls_and_bars, uniq_ijyb

Skill      XL: |  1  2 |
---------------+-------+-----
Maces & Flails | 2 |  2.6
Shields        | 3 |  3.4
Armour         | 3 |  3.4
Fighting       | 3 |  3.3

Action                     |  1- 3 |  4- 6 || total
---------------------------+-------+-------++-------
  Melee: Flail             |    81 |       ||    81
         Morningstar       |    83 |    32 ||   115
    Use: Potion            |     1 |     4 ||     5
         Scroll            |       |     2 ||     2
 Armour: Scale mail        |   113 |    17 ||   130
  Dodge: Dodged            |   121 |    13 ||   134
  Block: Buckler           |    48 |    10 ||    58

Table legend: (Time is in decaauts)
 A = Elapsed time spent in this place.
 B = Non-inter-level travel time spent in this place.
 C = Inter-level travel time spent in this place.
 D = Time resting spent in this place.
 E = Time spent auto-exploring this place.
 F = Levels seen in this place.
 G = Mean time per level.
                   A        B        C        D        E       F      G
               +--------+--------+--------+--------+--------+-----+--------+
         Total |   2149 |   2090 |     59 |    125 |   1510 |   3 |  716.3 |
       Dungeon |   2149 |   2090 |     59 |    125 |   1510 |   3 |  716.3 |
               +--------+--------+--------+--------+--------+-----+--------+

Top non-repeatable levels by time:
     D:1: 1129 daAuts
     D:2: 832 daAuts
     D:3: 188 daAuts
